2168 views
Uploaded 2023-04-23 16:49:57
Game version 1.35 (6115)
8:46 long 1on1 ladder game on (2)ConcealedHill_S2
Saved by DKnight
2168 views
Uploaded 2023-04-23 16:49:57
Game version 1.35 (6115)
8:46 long 1on1 ladder game on (2)ConcealedHill_S2

12 units @ 1.5k
/ 0.1k
9 buildings @ 1.5k
/ 0.5k


| Rod of Necromancy | 2 | 300 |
| Potion of Healing | 1 | 150 |
| total: | 3 | 450g |
| Acolyte | 4 | 300 | / | 0 |
| Ghoul | 5 | 600 | / | 0 |
| Crypt Fiend | 2 | 430 | / | 80 |
| Obsidian Statue | 1 | 200 | / | 35 |
| total: | 12 | 1530g | / | 115w |
| Nerubian Tower | 1 | 100 | / | 20 |
| Spirit Tower | 1 | 145 | / | 40 |
| Crypt | 1 | 200 | / | 50 |
| Altar of Darkness | 1 | 180 | / | 50 |
| Ziggurat | 4 | 600 | / | 200 |
| Tomb of Relics | 1 | 130 | / | 30 |
| Graveyard | 1 | 215 | / | 0 |
| Slaughterhouse | 1 | 140 | / | 135 |
| Halls of the Dead | 1 | 320 | / | 210 |
| Black Citadel | 1 | 325 | / | 230 |
| total: | 9 | 1465g | / | 465w |
| 0:02 | Acolyte |
| 0:02 | Acolyte |
| 0:05 | Crypt |
| 0:09 | Altar of Darkness |
| 0:24 | Ziggurat |
| 0:32 | Acolyte |
| 0:44 | Acolyte |
| 1:03 | Tomb of Relics |
| 1:10 | Ghoul |
| 1:23 | Ghoul |
| 1:36 | Ziggurat |
| 1:50 | Ghoul |
| 2:11 | Rod of Necromancy |
| 2:12 | Death Coil |
| 3:00 | Ghoul |
| 3:16 | Ghoul |
| 3:20 | Graveyard |
| 3:34 | Halls of the Dead |
| 3:46 | Rod of Necromancy |
| 4:08 | Unholy Aura |
| 4:28 | Ziggurat |
| 4:36 | Nerubian Tower |
| 4:57 | Crypt Fiend |
| 5:05 | Ziggurat |
| 5:08 | Spirit Tower |
| 5:58 | Slaughterhouse |
| 6:57 | Potion of Healing |
| 7:00 | Black Citadel |
| 7:08 | Crypt Fiend |
| 7:23 | Obsidian Statue |
| 8:15 | Frost Nova |
| Right click | 508 |
| Select group | 428 |
| Select | 148 |
| Assign group | 43 |
| Build/train/purchase | 40 |
| Misc. action | 27 |
| Use ability | 9 |
| Item give/drop | 1 |
| Remove unit | 1 |
| Esc | 1 |
25 units @ 2.5k
/ 0k
15 buildings @ 2k
/ 0.9k

| Dust of Appearance | 1 | 75 |
| Boots of Speed | 1 | 250 |
| total: | 2 | 325g |
| Peasant | 14 | 1050 | / | 0 |
| Footman | 11 | 1485 | / | 0 |
| total: | 25 | 2535g | / | 0w |
| Scout Tower | 2 | 60 | / | 40 |
| Arcane Tower | 1 | 70 | / | 50 |
| Altar of Kings | 2 | 360 | / | 100 |
| Farm | 4 | 320 | / | 80 |
| Barracks | 1 | 160 | / | 60 |
| Lumber Mill | 1 | 120 | / | 0 |
| Town Hall | 1 | 385 | / | 205 |
| Arcane Vault | 1 | 130 | / | 30 |
| Blacksmith | 1 | 140 | / | 60 |
| Gryphon Aviary | 2 | 280 | / | 300 |
| Keep | 1 | 320 | / | 210 |
| Castle | 1 | 360 | / | 210 |
| total: | 15 | 1955g | / | 875w |
| 0:01 | Peasant |
| 0:05 | Altar of Kings |
| 0:07 | Altar of Kings |
| 0:11 | Peasant |
| 0:17 | Farm |
| 0:19 | Barracks |
| 0:24 | Peasant |
| 0:40 | Peasant |
| 0:51 | Farm |
| 1:01 | Peasant |
| 1:04 | Peasant |
| 1:21 | Footman |
| 1:24 | Farm |
| 1:27 | Peasant |
| 1:43 | Footman |
| 1:49 | Peasant |
| 2:03 | Footman |
| 2:06 | Summon Water Elemental |
| 2:14 | Peasant |
| 2:35 | Peasant |
| 2:35 | Footman |
| 3:00 | Farm |
| 3:02 | Lumber Mill |
| 3:04 | Footman |
| 3:25 | Brilliance Aura |
| 3:37 | Town Hall |
| 3:59 | Scout Tower |
| 4:06 | Summon Water Elemental |
| 4:08 | Footman |
| 4:09 | Peasant |
| 4:14 | Arcane Vault |
| 4:28 | Improved Lumber Harvesting |
| 5:07 | Footman |
| 5:14 | Keep |
| 5:29 | Defend |
| 5:36 | Peasant |
| 5:36 | Peasant |
| 5:46 | Boots of Speed |
| 5:47 | Dust of Appearance |
| 6:00 | Arcane Tower |
| 6:01 | Scout Tower |
| 6:02 | Peasant |
| 6:17 | Footman |
| 6:53 | Footman |
| 7:17 | Footman |
| 7:56 | Castle |
| 8:09 | Blacksmith |
| 8:13 | Gryphon Aviary |
| 8:14 | Gryphon Aviary |
| 8:37 | Footman |
| Select group | 370 |
| Right click | 344 |
| Select | 233 |
| Build/train/purchase | 75 |
| Misc. action | 68 |
| Assign group | 38 |
| Use ability | 3 |
| Esc | 3 |
| Item give/drop | 1 |
โ